 Dungeon Crawl Stone Soup version 0.29.1-12-g30fa7ad0bf (webtiles) character file.

Game seed: 1587910240591637225

2279 Descartes the Blocker (level 9, -2/66 (72) HPs)
             Began as a Formicid Fighter on Dec 19, 2022.
             Was an Initiate of Gozag.
             Slain by a wight
             ... wielding a +0 mace
              (6 damage)
             ... on level 7 of the Dungeon.
             The game lasted 00:14:38 (7974 turns).

Descartes the Blocker (Formicid Fighter)            Turns: 7974, Time: 00:14:39

HP:   -2/66 (72)    AC: 11    Str: 21    XL:     9   Next: 66%
MP:   9/9           EV:  7    Int: 12    God:    Gozag
Gold: 421           SH:  6    Dex: 15    Spells: 8/8 levels left

rFire   + + .      SeeInvis +   w - +9 whip "Umyrye Veagy" {chaos, Fragile rF++ Will+ Dex+2}
rCold   . . .      Faith    .   c - +0 buckler
rNeg    . . .      Spirit   .   M - +0 chain mail
rPois   .          Reflect  .   (helmet unavailable)
rElec   .          Harm     .   (no cloak)
rCorr   .          Rampage  .   (no gloves)
Will    +....                   (no boots)
Stlth   ..........              (no amulet)
HPRegen 0.21/turn               (no ring)
MPRegen 0.11/turn               (no ring)

@: studying Armour, drained
A: permanent stasis, dig shafts and tunnels, antennae 3, four strong arms
a: Dig, Shaft Self, Renounce Religion, Potion Petition, Call Merchant, Bribe
Branch


You were on level 7 of the Dungeon.
You worshipped Gozag.
Gozag was aware of your devotion.
You visited 2 branches of the dungeon, and saw 8 of its levels.

You collected 514 gold pieces.
You paid 93 gold pieces to Gozag.

Inventory:

Hand Weapons
 a - a +0 war axe
 w - the +9 whip "Umyrye Veagy" (weapon) {chaos, Fragile rF++ Will+ Dex+2}
   (You found it on level 4 of the Dungeon)

   Each time it hits an enemy it has a different, random effect.
   Dex:       It affects your dexterity (+2).
   rF:        It greatly protects you from fire.
   Fragile:   It will be destroyed if unequipped.
   Will:      It increases your willpower.
 J - a +4 great sword of freezing
Missiles
 f - 3 poisoned darts
 K - 2 throwing nets
Armour
 b - a +0 scale mail
 c - a +0 buckler (worn)
 M - a +0 chain mail (worn)
Jewellery
 k - a ring of magical power
 n - a ring of poison resistance
 q - a ring of magical power
 G - a ring of positive energy
 P - a ring of fire
Wands
 r - a wand of roots (19)
Scrolls
 e - 3 scrolls of amnesia {unknown}
 g - 4 scrolls of butterflies {unknown}
 h - 3 scrolls of identify {unknown}
 i - 2 scrolls of noise {unknown}
 j - 2 scrolls of torment {unknown}
 l - a scroll of enchant armour {unknown}
 m - 3 scrolls of blinking {unknown}
 o - 4 scrolls of enchant weapon {unknown}
 v - 4 scrolls of teleportation {unknown}
 x - 3 scrolls of immolation {unknown}
 y - a scroll of magic mapping {unknown}
 D - a scroll of vulnerability {unknown}
 E - a scroll of silence {unknown}
 I - a scroll of poison {unknown}
 N - a scroll of fear {unknown}
Potions
 d - 2 potions of might
 p - 2 potions of flight {unknown}
 s - a potion of attraction {unknown}
 t - 2 potions of berserk rage {unknown}
 u - 3 potions of curing {unknown}
 z - a potion of haste {unknown}
 A - a potion of lignification {unknown}
 B - 4 potions of mutation {unknown}
 C - a potion of ambrosia {unknown}
 F - a potion of cancellation {unknown}
 H - a potion of heal wounds {unknown}
 L - 2 potions of brilliance {unknown}
 O - a potion of resistance {unknown}


   Skills:
 + Level 7.1 Fighting
 + Level 6.0(6.6) Axes
 + Level 4.1(5.7) Maces & Flails
 + Level 8.3 Armour
 + Level 8.5 Shields


You had 8 spell levels left.
You didn't know any spells.
Your spell library contained the following spells:

 Spells                   Type           Power      Damage    Failure   Level
 Beastly Appendage        Tmut           0%         N/A       95%         1
 Foxfire                  Conj/Fire      0%         2x1d4     95%         1
 Ensorcelled Hibernation  Hex/Ice        0%         N/A       99%         2
 Passwall                 Tmut/Erth      0%         N/A       99%         2
 Wereblood                Tmut           0%         N/A       99%         2
 Conjure Flame            Conj/Fire      0%         6-21      100%        3
 Inner Flame              Hex/Fire       0%         N/A       100%        3
 Spider Form              Tmut/Pois      0%         N/A       100%        3
 Anguish                  Hex/Necr       0%         N/A       100%        4
 Animate Armour           Summ/Erth      0%         N/A       100%        4
 Dispel Undead            Necr           0%         3d6       100%        4
 Flame Wave               Conj/Fire      0%         2d4       100%        4
 Blade Hands              Tmut           0%         N/A       100%        5
 Death Channel            Necr           0%         N/A       100%        6
 Iron Shot                Conj/Erth      0%         9d1       100%        6
 Swiftness                Air            Unusable   N/A       N/A         3
 Corpse Rot               Necr/Pois/Air  Unusable   N/A       N/A         4

Dungeon Overview and Level Annotations

Branches:
Dungeon (7/15)             Temple (1/1) D:6

Altars:
Ashenzari
Cheibriados
Dithmenos
Elyvilon
Fedhas
Gozag
Hepliaklqana
Kikubaaqudgha
Makhleb
Nemelex Xobeh
Okawaru
Qazlal
Ru
Trog
Uskayaw
Wu Jian
Xom
Yredelemnul
Zin
The Shining One

Shops:
D:5 (


Innate Abilities, Weirdness & Mutations

You cannot be hasted, slowed, berserked, paralysed or teleported.
You can dig through walls and to a lower floor.
You have a pair of large antennae on your head. (SInv)
Your four strong arms can wield two-handed weapons with a shield.


Message History

You feel drained.
Unknown command.
You whack the wight!
You destroy the wight!
Your Axes skill increases to level 6!
A wight comes into view. It is wielding a +0 mace of protection.
Items here: $ ))) [[[.
A wight is nearby!
You are too injured to fight recklessly!
You are too injured to fight recklessly!
A wight comes into view. It is wielding a +0 mace.
Things that are here:
6 gold pieces; a +0 falchion; a +0 robe A wight comes into view.
It is wielding a +0 short sword.
You hit the wight but do no damage. You hit the wight.
Space warps horribly around the wight.
The wight is severely damaged.
You block the wight's attack.
You barely miss the wight.
The wight is severely damaged.
The wight hits you with a +0 mace of protection!
* * * LOW HITPOINT WARNING * * *
You barely miss the wight.
The wight is severely damaged.
You block the wight's attack. The wight closely misses you.
Unknown command.
The wight attacks as you move away! The wight barely misses you.
The wight attacks as you move away!
The wight hits you with a +0 mace of protection.
* * * LOW HITPOINT WARNING * * *
You feel drained.
* * * LOW HITPOINT WARNING * * *
The wight attacks as you move away! The wight hits you but does no damage.
The wight attacks as you move away! The wight hits you with a +0 mace!
* * * LOW HITPOINT WARNING * * *
You hit the wight.
The wight convulses.
The wight is lightly damaged.
The wight hits you with a +0 mace.
You die...
Your body crumbles into a pile of gold.

#.##. #....# #..
#....#+#####..^.#
###
#........#....#.# #
#........#.#....# #
# #............##.#
...
#.......##........
....
#.......####.##.#..#
..... #####........#
#.≈^ . .....##
#@......## ## ≈
.......####z......#
#.
........$$.zz.....#
.§
........$.........#
^^
..................#
..
#####.............#
.. #.......#....##
#. #.......#....# §.
#....[..#....# #≈


You could see 3 wights.

Vanquished Creatures
  A gargoyle (D:6)
  A yak (shapeshifter) (Temple)
  2 black bears
  A centaur (D:6)
  3 phantoms
  A bullfrog (D:7)
  5 scorpions
  8 wights
  A howler monkey (Temple)
  An orc priest (D:5)
  A hound (D:7)
  4 iguanas
  Jessica (D:3)
  3 orc wizards
  7 gnolls
  11 adders
  2 shadow imps
  A white imp (D:6)
  2 ufetubi
  2 worms
  12 orcs
  5 bats (D:1)
  5 endoplasms
  3 giant cockroaches
  8 goblins
  8 hobgoblins
  5 jackals
  A quokka (D:3)
  3 ball pythons
  8 kobolds
  5 rats
121 creatures vanquished.

Notes
Turn   | Place    | Note
-------+----------+-------------------------------------------
     0 | D:1      | Descartes the Formicid Fighter began the quest for the Orb.
     0 | D:1      | Reached XP level 1. HP: 18/18 MP: 1/1
   158 | D:1      | Found a faded altar of an unknown god.
   230 | D:1      | Reached XP level 2. HP: 21/24 MP: 2/2
   630 | D:1      | Reached XP level 3. HP: 21/29 MP: 3/3
  1053 | D:2      | Reached XP level 4. HP: 19/37 MP: 4/4
  1677 | D:2      | Reached skill level 5 in Shields
  1677 | D:2      | Reached XP level 5. HP: 42/42 MP: 5/5
  2183 | D:3      | Noticed Jessica
  2187 | D:3      | Killed Jessica
  3419 | D:4      | Reached XP level 6. HP: 42/49 MP: 6/6
  3489 | D:4      | Identified the +9 whip "Umyrye Veagy" {chaos, Fragile rF++
                  | Will+ Dex+2}
  3889 | D:4      | Found a glowing silver altar of Zin.
  4354 | D:4      | Found a sparkling altar of Nemelex Xobeh.
  4860 | D:5      | Entered Level 5 of the Dungeon
  4867 | D:5      | Reached XP level 7. HP: 55/55 MP: 7/7
  4973 | D:5      | Reached skill level 5 in Fighting
  4994 | D:5      | Reached skill level 5 in Armour
  5557 | D:5      | Found Izeis's Weapon Emporium.
  5576 | D:5      | Reached skill level 1 in Maces & Flails
  5713 | D:5      | Reached XP level 8. HP: 62/63 MP: 8/8
  6024 | D:6      | Noticed a gargoyle
  6035 | D:6      | Killed a gargoyle
  6151 | D:6      | Reached skill level 5 in Axes
  6487 | D:6      | Found a staircase to the Ecumenical Temple.
  6497 | Temple   | Entered the Ecumenical Temple
  6497 | Temple   | Found a transporter.
  6497 | Temple   | Found a transporter.
  6499 | Temple   | Found a transporter.
  6499 | Temple   | Found a transporter.
  6517 | Temple   | Became a worshipper of Gozag Ym Sagoz the Greedy
  6777 | Temple   | Reached XP level 9. HP: 63/69 MP: 9/9
  7819 | D:7      | Found a stormy altar of Qazlal.
  7973 | D:7      | HP: 3/66 [wight/+0 mace (7)]
  7974 | D:7      | Slain by a wight

Illustrated notes

Levels and vault maps discovered:
D:1:      amcnicky_arrival_double_pillar, layout_basic,
          ebering_ecumenical_altar_sacrificial, nicolae_titane
D:2:      layout_loops_ring
D:3:      layout_basic, uniq_jessica
D:4:      layout_basic, mainiacjoe_overflow_surrounded_room,
          mainiacjoe_overflow_catwalk, serial_forest,
          infiniplex_forest_clump_long, infiniplex_forest_lined_3_way,
          infiniplex_forest_clump_curved, infiniplex_forest_clump_double,
          infiniplex_forest_straight_4, infiniplex_forest_split,
          infiniplex_forest_corner_1, hangedman_glass_teeth
D:5:      layout_basic, hangedman_decor_peaks_small, nicolae_inconvenience_store
D:6:      layout_basic, minmay_temple_entry_slanted, minmay_manual_mess
D:7:      layout_basic, grunt_qazlal_sundering, gammafunk_ghost_cemetery
Temple:   hellmonk_temple_divided_pantheon

Skill      XL: |  1  2  3  4  5  6  7  8  9 |
---------------+----------------------------+-----
Armour         | 4 5 6 8 |  8.3
Fighting       | 4 5 6 7 |  7.1
Shields        | 5 6 7 8 |  8.5
Axes           | 3 4 5 6 |  6.0
Maces & Flails | 1 3 4 |  4.1

Action                   |  1- 3 |  4- 6 |  7- 9 || total
-------------------------+-------+-------+-------++-------
Melee: War axe           |    83 |   118 |       ||   201
       Whip              |       |    45 |   197 ||   242
  Use: Potion            |       |       |     1 ||     1
 Stab: Petrified         |       |       |     1 ||     1
Armor: Scale mail        |    35 |    81 |    46 ||   162
       Chain mail        |       |       |    26 ||    26
Dodge: Dodged            |    47 |    71 |    91 ||   209
Block: Buckler           |    32 |    35 |    61 ||   128
